General information
			
			
        
        - name: BNet
 
        - type: Ladder team game (AT/RT)
 
        - host: Battle.net
 
        - saver: timG4strok
 
        
map: GnollWood 
        - players: 6
 
        - length: 16:31
 
        - speed: Fast
 - version: 1.22 W3XP
 - replay type:  

 
» download(137 KB)
Players
        team 1 (winner) 
              
              
Rush[yyz] (
blue | 92 APM | 1519 actions | 16:30)
              
 3 Far Seer 
 1 Feral Spirit
 2 Chain Lighting
 2 Tauren Chieftain 
 1 Shockwave
 1 Endurance Aura
 
                » actions 
                
                | Assign group hotkey | 41 |  | 
| Basic commands | 134 |  | 
| Build / train | 54 |  | 
| Enter build submenu | 14 |  | 
| Enter hero's abilities submenu | 5 |  | 
| Give item / drop item | 3 |  | 
| Remove unit from queue | 1 |  | 
| Right click | 678 |  | 
| Select / deselect | 254 |  | 
| Select group hotkey | 278 |  | 
| Use ability | 57 |  | 
                1519 total
 » units 
                
                | Peon | 8 |  | 
| Grunt | 6 |  | 
| Troll Witch Doctor | 8 |  | 
| Tauren | 5 |  | 
                27 total
 » upgrades
                
                | Witch Doctor Training | 2 |  | 
| Pulverize | 1 |  | 
                3 total
 » buildings
                
                | Altar of Storms | 1 |  | 
| Orc Burrow | 6 |  | 
| Barracks | 1 |  | 
| Voodoo Lounge | 1 |  | 
| Stronghold | 2 |  | 
| War Mill | 1 |  | 
| Spirit Lodge | 1 |  | 
| Fortress | 1 |  | 
| Tauren Totem | 2 |  | 
                16 total
 » build order
                00:06 Altar of Storms
00:23 Orc Burrow
00:36 Barracks
01:32 Orc Burrow
01:48 Voodoo Lounge
03:42 Stronghold
05:20 War Mill
06:07 Spirit Lodge
06:16 Orc Burrow
06:19 Orc Burrow
07:38 Fortress
09:14 Orc Burrow
10:03 Tauren Totem
10:04 Tauren Totem
12:29 Orc Burrow
» items
                
                | Healing Salve | 2 |  | 
| Scroll of Speed | 1 |  | 
| Scroll of Protection | 1 |  | 
| Potion of Lesser Invulnerability | 1 |  | 
| Scroll of Healing | 1 |  | 
| Scroll of Town Portal | 1 |  | 
| Orb of Lightning | 1 |  | 
                8 total
  
               
              
              
TALONSAREIMBA (
yellow | 98 APM | 1611 actions | 16:30)
              
 4 Death Knight 
 2 Death Coil
 2 Unholy Aura
 3 Lich 
 2 Frost Nova
 1 Dark Ritual
 
                » actions 
                
                | Assign group hotkey | 19 |  | 
| Basic commands | 156 |  | 
| Build / train | 44 |  | 
| ESC pressed | 1 |  | 
| Enter build submenu | 11 |  | 
| Enter hero's abilities submenu | 7 |  | 
| Right click | 780 |  | 
| Select / deselect | 193 |  | 
| Select group hotkey | 319 |  | 
| Use ability | 81 |  | 
                1611 total
 » units 
                
                | Acolyte | 2 |  | 
| Ghoul | 2 |  | 
| Crypt Fiend | 7 |  | 
| Frost Wyrm | 4 |  | 
                15 total
 » upgrades
                
                | Burrow | 1 |  | 
| Web | 1 |  | 
| Creature Carapace | 1 |  | 
| Creature Attack | 1 |  | 
                4 total
 » buildings
                
                | Crypt | 1 |  | 
| Graveyard | 1 |  | 
| Altar of Darkness | 1 |  | 
| Ziggurat | 5 |  | 
| Tomb of Relics | 1 |  | 
| Halls of the Dead | 1 |  | 
| Black Citadel | 1 |  | 
| Sacrificial Pit | 1 |  | 
| Boneyard | 1 |  | 
                13 total
 » build order
                00:06 Crypt
00:18 Graveyard
00:42 Altar of Darkness
00:58 Ziggurat
01:41 Tomb of Relics
02:03 Ziggurat
04:44 Halls of the Dead
04:57 Ziggurat
07:45 Black Citadel
08:56 Sacrificial Pit
09:06 Ziggurat
11:25 Boneyard
12:09 Ziggurat
» items
                
                | Rod of Necromancy | 3 |  | 
| Dust of Appearance | 2 |  | 
| Lesser Clarity Potion | 2 |  | 
| Potion of Mana | 1 |  | 
| Potion of Lesser Invulnerability | 1 |  | 
| Scroll of Healing | 1 |  | 
| Potion of Healing | 2 |  | 
| Scroll of Town Portal | 1 |  | 
| Orb of Corruption | 1 |  | 
                14 total
  
               
              
              
timG4strok (
teal | 152 APM | 2516 actions | 16:31)
              
 4 Archmage 
 2 Summon Water Elemental
 2 Brilliance Aura
 3 Mountain King 
 2 Storm Bolt
 1 Bash
 2 Paladin 
 1 Holy Light
 1 Divine Shield
 
                » actions 
                
                | Assign group hotkey | 26 |  | 
| Basic commands | 88 |  | 
| Build / train | 53 |  | 
| Enter build submenu | 17 |  | 
| Enter hero's abilities submenu | 9 |  | 
| Remove unit from queue | 1 |  | 
| Right click | 1156 |  | 
| Select / deselect | 331 |  | 
| Select group hotkey | 762 |  | 
| Use ability | 73 |  | 
                2516 total
 » units 
                
                | Peasant | 8 |  | 
| Footman | 6 |  | 
| Sorceress | 4 |  | 
| Priest | 3 |  | 
| Gryphon Rider | 3 |  | 
| Knight | 2 |  | 
                26 total
 » upgrades
                
                | Defend | 1 |  | 
| Sorceress Training | 2 |  | 
| Priest Training | 2 |  | 
| Animal War Training | 1 |  | 
                6 total
 » buildings
                
                | Altar of Kings | 1 |  | 
| Barracks | 1 |  | 
| Farm | 8 |  | 
| Scout Tower | 1 |  | 
| Arcane Tower | 1 |  | 
| Keep | 1 |  | 
| Arcane Sanctum | 1 |  | 
| Arcane Vault | 1 |  | 
| Castle | 1 |  | 
| Lumber Mill | 1 |  | 
| Blacksmith | 1 |  | 
| Gryphon Aviary | 1 |  | 
                19 total
 » build order
                00:08 Altar of Kings
00:13 Barracks
00:27 Farm
01:02 Farm
01:36 Farm
01:51 Scout Tower
02:21 Arcane Tower
03:05 Keep
03:32 Farm
04:34 Farm
05:29 Arcane Sanctum
05:33 Arcane Vault
06:04 Castle
07:47 Lumber Mill
09:12 Blacksmith
11:51 Gryphon Aviary
11:58 Farm
12:00 Farm
16:18 Farm
» items
                
                | Boots of Speed | 1 |  | 
| Scroll of Protection | 1 |  | 
| Scroll of Regeneration | 1 |  | 
| Staff of Sanctuary | 1 |  | 
| Potion of Healing | 1 |  | 
                5 total
  
               team 2 (loser) 
              
              
ftse100 (
orange | 90 APM | 1467 actions | 16:21)
              
 3 Blademaster 
 1 Wind Walk
 2 Critical Strike
 
                » actions 
                
                | Assign group hotkey | 24 |  | 
| Build / train | 36 |  | 
| Enter build submenu | 13 |  | 
| Enter hero's abilities submenu | 2 |  | 
| Right click | 673 |  | 
| Select / deselect | 148 |  | 
| Select group hotkey | 487 |  | 
| Use ability | 84 |  | 
                1467 total
 » units 
                » upgrades
                » buildings
                
                | Altar of Storms | 1 |  | 
| Orc Burrow | 6 |  | 
| Voodoo Lounge | 2 |  | 
| War Mill | 1 |  | 
| Stronghold | 1 |  | 
| Beastiary | 2 |  | 
                13 total
 » build order
                00:06 Altar of Storms
00:10 Orc Burrow
00:55 Voodoo Lounge
01:39 War Mill
02:43 Stronghold
03:59 Orc Burrow
04:04 Orc Burrow
05:01 Orc Burrow
05:07 Beastiary
05:08 Beastiary
10:36 Orc Burrow
11:00 Voodoo Lounge
11:34 Orc Burrow
» items
                
                | Lesser Clarity Potion | 4 |  | 
| Healing Salve | 2 |  | 
| Scroll of Speed | 1 |  | 
| Potion of Healing | 2 |  | 
| Potion of Mana | 1 |  | 
| Boots of Speed | 1 |  | 
                11 total
  
               
              
              
GladSheep (
red | 132 APM | 2169 actions | 16:23)
              
 2 Demon Hunter 
 1 Mana Burn
 1 Evasion
 1 Goblin Alchemist 
 1 Acid Bomb
 
                » actions 
                
                | Assign group hotkey | 49 |  | 
| Basic commands | 72 |  | 
| Build / train | 49 |  | 
| Enter build submenu | 15 |  | 
| Enter hero's abilities submenu | 3 |  | 
| Right click | 1173 |  | 
| Select / deselect | 265 |  | 
| Select group hotkey | 503 |  | 
| Use ability | 40 |  | 
                2169 total
 » units 
                » upgrades
                
                | Strength of the Wild | 2 |  | 
| Abolish Magic | 1 |  | 
| Reinforced Hides | 1 |  | 
| Druid of the Claw Training | 1 |  | 
                5 total
 » buildings
                
                | Altar of Elders | 1 |  | 
| Moon Well | 6 |  | 
| Hunter's Hall | 1 |  | 
| Ancient of War | 2 |  | 
| Tree of Ages | 1 |  | 
| Ancient of Lore | 2 |  | 
| Ancient of Wonders | 1 |  | 
| Tree of Eternity | 2 |  | 
                16 total
 » build order
                00:06 Altar of Elders
00:19 Moon Well
01:49 Hunter's Hall
01:52 Ancient of War
01:59 Ancient of War
02:09 Moon Well
02:25 Moon Well
03:35 Tree of Ages
03:38 Moon Well
03:42 Moon Well
05:23 Moon Well
07:42 Ancient of Lore
07:43 Ancient of Lore
07:58 Ancient of Wonders
08:03 Tree of Eternity
08:03 Tree of Eternity
» items
                
                | Boots of Speed | 2 |  | 
| Scroll of Town Portal | 1 |  | 
| Staff of Preservation | 1 |  | 
| Potion of Healing | 1 |  | 
| Scroll of Healing | 1 |  | 
| Potion of Lesser Invulnerability | 1 |  | 
| Orb of Venom | 1 |  | 
                8 total
  
               
              
              
sPikE[rAiN] (
green | 51 APM | 833 actions | 16:29)
              
 3 Death Knight 
 2 Death Coil
 1 Unholy Aura
 1 Lich 
 1 Frost Nova
 
                » actions 
                
                | Assign group hotkey | 25 |  | 
| Basic commands | 16 |  | 
| Build / train | 44 |  | 
| Enter build submenu | 9 |  | 
| Enter hero's abilities submenu | 4 |  | 
| Give item / drop item | 2 |  | 
| Remove unit from queue | 2 |  | 
| Right click | 326 |  | 
| Select / deselect | 152 |  | 
| Select group hotkey | 222 |  | 
| Use ability | 31 |  | 
                833 total
 » units 
                
                | Acolyte | 2 |  | 
| Ghoul | 2 |  | 
| Crypt Fiend | 10 |  | 
                14 total
 » upgrades
                
                | Creature Carapace | 1 |  | 
| Creature Attack | 1 |  | 
| Web | 1 |  | 
                3 total
 » buildings
                
                | Graveyard | 1 |  | 
| Crypt | 1 |  | 
| Ziggurat | 4 |  | 
| Altar of Darkness | 1 |  | 
| Nerubian Tower | 1 |  | 
| Tomb of Relics | 1 |  | 
| Halls of the Dead | 1 |  | 
| Black Citadel | 1 |  | 
| Sacrificial Pit | 1 |  | 
| Spirit Tower | 3 |  | 
                15 total
 » build order
                00:13 Graveyard
00:22 Crypt
00:41 Ziggurat
01:04 Altar of Darkness
01:37 Nerubian Tower
01:50 Ziggurat
02:05 Tomb of Relics
04:17 Ziggurat
05:27 Halls of the Dead
08:02 Ziggurat
11:37 Black Citadel
11:42 Sacrificial Pit
14:12 Spirit Tower
14:32 Spirit Tower
14:36 Spirit Tower
» items
                
                | Rod of Necromancy | 1 |  | 
| Sacrificial Skull | 1 |  | 
| Dust of Appearance | 1 |  | 
| Scroll of Town Portal | 3 |  | 
| Potion of Healing | 2 |  | 
| Potion of Mana | 2 |  | 
| Circlet of Nobility | 1 |  | 
| Scroll of Healing | 1 |  | 
| Orb of Corruption | 1 |  | 
                13 total
  
                Chat log
          (00:12 / All) TALONSAREIMBA: clanftse.com
(00:25 / All) TALONSAREIMBA: theres a nerd section
(00:28 / All) TALONSAREIMBA: where u guys post ur pics
(00:31 / All) TALONSAREIMBA: and ur all butt ugly
(00:35 / All) timG4strok: DAMN!
(00:45 / All) TALONSAREIMBA: its not a .com domain
(00:49 / All) TALONSAREIMBA: maybe freewebs
(00:53 / All) sPikE[rAiN]: Hey fatty, shut up :D
(00:59 / All) timG4strok: a nigga cant even afford he own website.
(01:01 / All) TALONSAREIMBA: sorry 50% soloist
(01:05 / All) TALONSAREIMBA: that plays in league
(01:08 / All) timG4strok: http://highper.ch Thank's for coming.
(01:10 / All) sPikE[rAiN]: OmG
(01:10 / All) TALONSAREIMBA: who do you guys play
(01:12 / All) sPikE[rAiN]: THAT HURT ME
(01:13 / All) sPikE[rAiN]: SO MUCH
(01:14 / All) sPikE[rAiN]: I mean
(01:15 / All) ftse100: try whois.sc
(01:19 / All) TALONSAREIMBA: a bunch of retard babies
(01:21 / All) sPikE[rAiN]: I don't have a life or anything
(01:22 / All) TALONSAREIMBA: who got wc3 for the first time
(01:25 / All) ftse100: $9 a year doesn't break the bank for me
(01:35 / All) TALONSAREIMBA: yes it does
(01:38 / All) TALONSAREIMBA: thats more than your allowance
(02:20 / All) TALONSAREIMBA: Have u ever 
(02:23 / All) sPikE[rAiN]: no
(02:25 / All) sPikE[rAiN]: shut up
(02:27 / All) TALONSAREIMBA: went to ur clan 
(02:29 / All) TALONSAREIMBA: website
(02:32 / All) TALONSAREIMBA: and laughed
(02:36 / All) ftse100: often
(02:39 / All) ftse100: we have a jokes section
(02:50 / All) ftse100: what does your site have?
(02:54 / All) GladSheep: ownt
(03:02 / All) sPikE[rAiN]: Yeah it's great we post pics of your mom upside down eating cake
(03:12 / All) ftse100: pretty repulsive!
(04:41 / All) GladSheep: lol
(04:43 / All) GladSheep: Really?
(12:20 / All) TALONSAREIMBA: clan ftse
(12:21 / All) TALONSAREIMBA: loser clan
(12:36 / All) ftse100: p4k, 1000000000000 new akas clan
(12:43 / All) TALONSAREIMBA: we're not p4k
(12:43 / All) TALONSAREIMBA: lol
(12:45 / All) ftse100: sure
(12:46 / All) Rush[yyz]: yeah p4k!
(12:47 / All) TALONSAREIMBA: you're an idiot
(12:47 / All) sPikE[rAiN]: clan fag?
(12:54 / All) ftse100: what clan are you then? Too scared to say? Ok
(12:56 / All) timG4strok: clan towa thanks
(12:58 / All) TALONSAREIMBA: clan ddub towa and dax
(12:59 / All) timG4strok: clan towa #1
(13:00 / All) GladSheep: caln hackers
(13:02 / All) sPikE[rAiN]: Clan NOOBLET
(13:03 / All) GladSheep: clan*
(13:04 / All) TALONSAREIMBA: hackers
(13:05 / All) Rush[yyz]: clan ddub numba 1!
(13:07 / All) ftse100: we thrash clan towa constantly
(13:08 / All) TALONSAREIMBA: oj goes wyv bm
(13:10 / All) TALONSAREIMBA: And expects to win
(13:18 / All) ftse100: always beats clan towa!
(13:19 / All) TALONSAREIMBA: dh bm harass
(13:26 / All) timG4strok: nah sorry
(13:33 / All) timG4strok: never heard of clan ftse but now im 1-0 against you.
(13:58 / All) ftse100: well we're about 10-0 against your clan
(14:03 / All) Rush[yyz]: clan ddub?
(14:05 / All) timG4strok: never heard of you did you just make that clan?
(14:13 / All) ftse100: k
(14:19 / All) Rush[yyz]: you guys play wc3 fball?!
(14:19 / All) TALONSAREIMBA: dam nice tp guys
(14:38 / All) TALONSAREIMBA: tp red oj
(14:43 / All) TALONSAREIMBA: spike rain needs u
(14:48 / All) ftse100: want to solo me? Oh wait, you'll just show a penis like always because you're too scared
(14:54 / All) TALONSAREIMBA: u guys suck
(14:57 / All) TALONSAREIMBA: 40% soloers
(14:58 / All) TALONSAREIMBA: oh no
(15:08 / All) ftse100: solo me then?
(15:13 / All) timG4strok: lmao
(15:17 / All) timG4strok: 100 apm trash sure.
(15:18 / All) ftse100: thought not.
(15:23 / All) ftse100: k, meet me in clan ftse
(15:36 / All) TALONSAREIMBA: u guys suck
(15:37 / All) TALONSAREIMBA: rofl
(15:42 / All) sPikE[rAiN]: dodge?
(15:47 / All) ftse100: look at teal's record... 9-6
(15:50 / All) sPikE[rAiN]: dodge?
(15:54 / All) sPikE[rAiN]: dodge?
(15:56 / All) ftse100: thinks he's all that!
(15:57 / All) sPikE[rAiN]: dodge?
(15:59 / All) Rush[yyz]: 7-7 here!
(16:01 / All) timG4strok: lmao
(16:04 / All) ftse100: yeah they'll dodge for sure
(16:06 / All) timG4strok: hit triple digits little shit
(16:09 / All) timG4strok: clan towa for 1v1
(16:10 / All) sPikE[rAiN]: lol nooblets
(16:19 / All) ftse100: clan ftse, see you there dodger
(16:24 / All) timG4strok: nice dodge
(16:28 / All) sPikE[rAiN]: noobs
(16:28 / All) sPikE[rAiN]: LOL